 Dungeon Crawl Stone Soup version 0.22-a0-352-gc608dd7 (webtiles) character file.

173 Amnesiac the Digger (level 5, -4/35 HPs)
             Began as a Mummy Earth Elementalist on Apr 14, 2018.
             Was a Follower of Sif Muna.
             Slain by an ogre
             ... wielding a +0 giant club
              (11 damage)
             ... on level 3 of the Dungeon.
             The game lasted 00:03:33 (2229 turns).

Amnesiac the Digger (Mummy Earth Elementalist)      Turns: 2229, Time: 00:03:35

Health: -4/35      AC:  3    Str: 16    XL:     5   Next: 28%
Magic:  7/11       EV: 12    Int: 15    God:    Sif Muna [*.....]
Gold:   121        SH:  0    Dex: 12    Spells: 2/12 levels left

rFire    x . .     SeeInvis +   a - +0 dagger
rCold    + . .     Gourm    .   (no shield)
rNeg     + + +     Faith    .   c - +0 robe
rPois    ∞         Spirit   .   f - +0 helmet
rElec    .         Reflect  .   (no cloak)
rCorr    .         Harm     .   (no gloves)
MR       .....                  (no boots)
Stlth    ++........             (no amulet)
HPRegen  0.11/turn              g - ring of see invisible
MPRegen  0.12/turn              i - +4 ring of strength

@: divine energy
A: no food or potions, fire vulnerability, cold resistance 1, negative energy
resistance 3, torment resistance, unbreathing
a: Stop Divine Energy, Renounce Religion


You were on level 3 of the Dungeon.
You worshipped Sif Muna.
Sif Muna was aware of your devotion.
You were not hungry.

You visited 1 branch of the dungeon, and saw 4 of its levels.

You collected 121 gold pieces.

Inventory:

Hand Weapons
 a - a +0 dagger (weapon)
 b - a +0 blowgun
Missiles
 h - 20 poisoned needles
 j - 25 stones (quivered)
Armour
 c - a +0 robe (worn)
 f - a +0 helmet (worn)
 m - the +1 robe of Ciucres {rPois rC+ Int+4, unknown}
   (You found it on level 4 of the Dungeon)

   It affects your intelligence (+4).
   It protects you from cold.
   It protects you from poison.
Jewellery
 g - a ring of see invisible (left hand)
 i - a +4 ring of strength (right hand)
Scrolls
 d - a scroll of enchant weapon {!r, unknown}
 e - a scroll of fear {!r, unknown}
 k - 5 scrolls of remove curse {!r, unknown}
 l - a scroll of identify {!r, unknown}


   Skills:
 - Level 1.5 Dodging
 - Level 1.5 Stealth
 + Level 4.3 Spellcasting
 - Level 0.7 Transmutations
 * Level 4.3 Earth Magic


You had 2 spell levels left.
You knew the following spells:

 Your Spells              Type           Power        Failure   Level  Hunger
a - Sandblast             Erth           ###...       2%          1    N/A
b - Passwall              Tmut/Erth      ##........   10%         2    N/A
c - Stone Arrow           Conj/Erth      #.....       22%         3    N/A
e - Petrify               Tmut/Erth      ##......     52%         4    N/A

Dungeon Overview and Level Annotations

Branches:
Dungeon (4/15)
 Temple: D:4-7

Altars:
Qazlal
Ru
Sif Muna

Annotations:
D:4 Galewind's ghost, amateur DEFi


Innate Abilities, Weirdness & Mutations

You do not eat or drink.
Your flesh is vulnerable to fire.
You are immune to poison.
Your flesh is cold resistant. (rC+)
You are immune to negative energy. (rN+++)
You are immune to unholy pain and torment.
You can survive without breathing.


Message History

An ogre is nearby!
The ogre shouts!
You hear a shout!
An ogre comes into view. It is wielding a giant club.
Casting: Sandblast (safe; 3% risk of failure)
Confirm with . or Enter, or press ? or * to list all spells.
Aiming: Sandblast (safe; 3% risk of failure)
Press: ? - help, Shift-Dir - straight line, f - ogre
Aim: an ogre, wielding a giant club The blast of sand hits the ogre.
The ogre is moderately wounded.
j - 29 stones
Casting: Sandblast (safe; 3% risk of failure)
Confirm with . or Enter, or press ? or * to list all spells.
Aiming: Sandblast (safe; 3% risk of failure)
Press: ? - help, Shift-Dir - straight line, f/p - ogre
Aim: an ogre, wielding a giant club (moderately wounded)
The blast of sand hits the ogre.
The ogre is heavily wounded.
j - 28 stones
Casting: Sandblast (safe; 3% risk of failure)
Confirm with . or Enter, or press ? or * to list all spells.
Aiming: Sandblast (safe; 3% risk of failure)
Press: ? - help, Shift-Dir - straight line, f/p - ogre
Aim: an ogre, wielding a giant club (heavily wounded)
The blast of sand hits the ogre.
The ogre is severely wounded.
j - 27 stones The ogre hits you with a giant club!!
Ouch! That really hurt!
* * * LOW HITPOINT WARNING * * *
Casting: Sandblast (safe; 3% risk of failure)
Confirm with . or Enter, or press ? or * to list all spells.
Aiming: Sandblast (safe; 3% risk of failure)
Press: ? - help, Shift-Dir - straight line, f/p - ogre
Aim: an ogre, wielding a giant club (severely wounded)
The blast of sand hits the ogre.
The ogre is almost dead.
j - 26 stones The ogre barely misses you.
Unknown command.
There is a stone staircase leading up here.
Casting: Sandblast (safe; 3% risk of failure)
Confirm with . or Enter, or press ? or * to list all spells.
Aiming: Sandblast (safe; 3% risk of failure)
Press: ? - help, Shift-Dir - straight line, f/p - ogre
Aim: an ogre, wielding a giant club (almost dead)
The blast of sand hits the ogre.
You kill the ogre!
Sif Muna accepts your kill.
Your Spellcasting skill increases to level 4!
Your Earth Magic skill increases to level 4!
You have reached level 5!
You feel stronger.
j - 25 stones The ogre hits you with a giant club!
* * * LOW HITPOINT WARNING * * *
You open the door. The ogre closely misses you.
There is an open door here.
You see here a giant club.
There is a stone staircase leading up here.
You climb upwards.
There is a stone staircase leading down here.
The ogre hits you with a giant club!
You die...

###### #..... #.####
##################.####
#.....@O>..............
#.###..................
###########.###.......######.####
..............#...>........#.# #
###########.#.......).####.#.####
###### #...#.......# #.#.#...
.....### ##.##.......# #.#.#.##
...[...# #.#######.## #.#.....
...#.#.# #.# #.#####.###...


You could see an ogre.

Vanquished Creatures
  An ogre (D:4)
  2 adders
  3 worms
  2 dart slugs (D:1)
  2 leopard geckos
  4 orcs (D:3)
  2 giant cockroaches
  12 goblins
  8 hobgoblins
  3 quokkas (D:3)
  2 ball pythons
  4 bats
  3 frilled lizards
  7 kobolds
  4 rats
59 creatures vanquished.

Notes
Turn   | Place    | Note
-------+----------+-------------------------------------------
     0 | D:1      | Amnesiac the Mummy Earth Elementalist began the quest for the Orb.
     0 | D:1      | Reached XP level 1. HP: 13/13 MP: 4/4
    50 | D:2      | Found a deep blue altar of Sif Muna.
    58 | D:2      | Became a worshipper of Sif Muna the Loreminder
   200 | D:1      | Reached XP level 2. HP: 8/19 MP: 1/5
   877 | D:2      | Learned a level 2 spell: Passwall
   918 | D:2      | Reached XP level 3. HP: 17/24 MP: 3/7
   960 | D:2      | Found a stormy altar of Qazlal.
  1023 | D:2      | Found a sacrificial altar of Ru.
  1460 | D:3      | Reached XP level 4. HP: 20/30 MP: 0/9
  1466 | D:3      | Learned a level 4 spell: Petrify
  1844 | D:3      | Reached * piety under Sif Muna
  1922 | D:3      | Learned a level 3 spell: Stone Arrow
  2034 | D:4      | Noticed Galewind's ghost (amateur DEFi)
  2036 | D:4      | Got a colourful robe
  2202 | D:4      | Noticed an ogre
  2205 | D:4      | Noticed an ogre
  2210 | D:4      | Killed an ogre
  2210 | D:4      | Reached XP level 5. HP: 15/35 MP: 4/11
  2229 | D:3      | Slain by an ogre

Vault maps used:
D:1:      dpeg_arrival_connections, minmay_heptomino_o4
D:2:      lemuel_coloured_pillars_altar, lemuel_doored_altar, first_ration,
          nicolae_ru_awakened_eye
D:3:      wad_pebble_path, minmay_quantized
D:4:      lemuel_round_altar

Skill      XL: |  1  2  3  4 |
---------------+-------------+-----
Spellcasting   | 3 4 |  4.3
Earth Magic    | 3 4 |  4.3
Dodging        | |  1.5
Stealth        | |  1.5
Transmutations | |  0.7

Action                   |  1- 3 |  4- 6 || total
-------------------------+-------+-------++-------
Melee: Unarmed           |    27 |       ||    27
       Dagger            |     9 |       ||     9
 Cast: Sandblast         |    62 |    33 ||    95
Invok: Divine Energy     |       |     1 ||     1
Armor: Robe              |    10 |     1 ||    11
Dodge: Dodged            |    40 |    10 ||    50

Table legend:
 A = Spawn XP
 B = Non-spawn XP
 C = Spawn XP percentage of total XP
 D = Spawn monster count
 E = Non-spawn monster count
 F = Spawn count percentage of total count
 G = Total turns spent on level
                    A         B        C        D         E        F      G
               +---------+---------+-------+---------+---------+-------+---------
         Total |       0 |     248 |   0.0 |       0 |      59 |   0.0 |  2229
               +---------+---------+-------+---------+---------+-------+---------
           D:1 |       0 |      39 |   0.0 |       0 |      22 |   0.0 |   786
           D:2 |       0 |      33 |   0.0 |       0 |      11 |   0.0 |   451
           D:3 |       0 |      62 |   0.0 |       0 |      24 |   0.0 |   952
           D:4 |       0 |     114 |   0.0 |       0 |       2 |   0.0 |    40
               +---------+---------+-------+---------+---------+-------+---------
